 Dungeon Crawl Stone Soup version 0.29.1-15-g9cfb28693d (webtiles) character file.

Game seed: 14327232276075841887

2305 freelancePsychic the Spear-Bearer (level 9, -1/57 HPs)
             Began as a Gargoyle Abyssal Knight on Mar 11, 2023.
             Was an Elder of Lugonu.
             Slain by a yak (13 damage)
             ... on level 7 of the Dungeon.
             The game lasted 00:16:52 (10409 turns).

freelancePsychic the Spear-Bearer (GrAK)           Turns: 10409, Time: 00:16:52

Health: -1/57      AC: 17    Str: 27    XL:     9   Next: 41%
Magic:  12/12      EV: 10    Int: 11    God:    Lugonu [****..]
Gold:   484        SH:  0    Dex: 14    Spells: 8/8 levels left

rFire   + . .      SeeInvis +   a - +1 spear (freeze)
rCold   . . .      Faith    .   (no shield)
rNeg    + . .      Spirit   .   t - +2 scale mail {rF+}
rPois   ∞          Reflect  .   (no helmet)
rElec   +          Harm     .   e - +0 cloak
rCorr   .          Rampage  .   (no gloves)
Will    .....                   G - +0 pair of boots
Stlth   ++........              (no amulet)
HPRegen 0.19/turn               c - ring "Gajac" {Wiz Str+10}
MPRegen 0.13/turn               D - ring of see invisible

@: no status effects
A: sickness immunity, AC +6, negative energy resistance 1, electricity
resistance, torment resistance 1, petrification resistance
a: Renounce Religion, Depart the Abyss, Bend Space, Banish, Corrupt


You were on level 7 of the Dungeon.
You worshipped Lugonu.
Lugonu was greatly pleased with you.
You visited 1 branch of the dungeon, and saw 8 of its levels.
You visited the Abyss 1 time.
You also visited: Ossuary.

You collected 484 gold pieces.

Inventory:

Hand Weapons
 a - a +1 spear of freezing (weapon)
 b - a +0 dagger of venom
Missiles
 y - 7 poisoned darts
Armour
 e - a +0 cloak (worn)
 h - a +0 leather armour
 p - a +0 kite shield
 t - a +2 scale mail of fire resistance (worn)
 G - a +0 pair of boots (worn)
Jewellery
 c - the ring "Gajac" (left hand) {Wiz Str+10}
   (You acquired it on level 3 of the Dungeon)

   [ring of wizardry]

   It improves your spell success rate.
   Str:       It affects your strength (+10).
 j - a ring of positive energy
 D - a ring of see invisible (right hand)
Wands
 C - a wand of mindburst (2) (quivered)
Scrolls
 d - 4 scrolls of fear
 f - a scroll of magic mapping
 g - 3 scrolls of poison
 k - 2 scrolls of vulnerability
 l - a scroll of noise
 m - a scroll of blinking {unknown}
 n - 4 scrolls of teleportation {@r4}
 o - 2 scrolls of immolation {unknown}
 r - 3 scrolls of fog
 v - 3 scrolls of enchant armour {unknown}
 w - a scroll of enchant weapon {unknown}
 E - a scroll of summoning {unknown}
 F - a scroll of amnesia {unknown}
Potions
 i - 2 potions of heal wounds {unknown}
 q - a potion of resistance
 s - 5 potions of lignification
 u - a potion of ambrosia {unknown}
 x - 3 potions of attraction {unknown}
 z - 2 potions of might {unknown}
 A - 2 potions of magic {unknown}
 B - 2 potions of invisibility {unknown}


   Skills:
 + Level 7.6 Fighting
 * Level 8.0 Polearms
 - Level 3.7 Armour
 - Level 0.7 Dodging
 - Level 5.0 Stealth
 + Level 4.2 Invocations


You had 8 spell levels left.
You didn't know any spells.
Your spell library contained the following spells:

 Spells                   Type           Power      Damage    Failure   Level
 Beastly Appendage        Tmut           0%         N/A       30%         1
 Ensorcelled Hibernation  Hex/Ice        0%         N/A       41%         2
 Wereblood                Tmut           0%         N/A       41%         2
 Spider Form              Tmut/Pois      0%         N/A       65%         3
 Anguish                  Hex/Necr       0%         N/A       95%         4
 Blade Hands              Tmut           0%         N/A       100%        5
 Irradiate                Conj/Tmut      0%         3d11      100%        5
 Dragon Form              Tmut           0%         N/A       100%        7


Dungeon Overview and Level Annotations

Branches:
Dungeon (8/15)             Temple (0/1) D:7         Ossuary (visited)
   Lair: D:8-11

Altars:
Ashenzari
Dithmenos
Fedhas
Gozag
Hepliaklqana
Makhleb
Nemelex Xobeh
Okawaru
Sif Muna
Trog
The Shining One

Shops:
D:8 =

Annotations:
D:7 exclusion: ice statue


Innate Abilities, Weirdness & Mutations

You are immune to sickness and miasma.
Your stone body is resilient. (AC +6)
You are immune to poison.
You resist negative energy. (rN+)
You are resistant to electric shocks. (rElec)
You are resistant to unholy torment.
You are immune to petrification.


Message History

The yak gores you but does no damage.
You hit the yak. You freeze the yak.
The yak is lightly wounded.
You puncture the yak! You freeze the yak.
The yak is moderately wounded.
The yak gores you but does no damage. The yak gores you!
The kobold brigand barely misses you.
You completely miss the yak.
The yak is moderately wounded.
The yak gores you but does no damage. The yak gores you. The yak gores you!
The kobold brigand hits you but does no damage.
You are too injured to fight recklessly!
You are too injured to fight recklessly!
You are too injured to fight recklessly!
You are too injured to fight recklessly!
You are too injured to fight recklessly!
You are too injured to fight recklessly!
You are too injured to fight recklessly!
You are too injured to fight recklessly!
You are too injured to fight recklessly!
You are too injured to fight recklessly!
You are too injured to fight recklessly!
The yak attacks as you move away! The yak gores you but does no damage.
The yak misses you.
The kobold brigand throws a poisoned dart.
The poisoned dart hits you!
There is a stone staircase leading up here.
You can't go down here!
The yak gores you but does no damage.
You climb upwards.
Level annotation: exclusion: ice statue
There is a stone staircase leading down here.
The yak gores you! The yak attacks as you move away! The yak gores you!
* * * LOW HITPOINT WARNING * * *
The yak attacks as you move away! The yak gores you.
* * * LOW HITPOINT WARNING * * *
The yak attacks as you move away! The yak gores you but does no damage.
The yak attacks as you move away! The yak gores you!
You die...

.#.#.##....####.#....#####...#
#.>#.)...### #.#....## #...#
..##.###.# #.#.....# ##### .....#
#.# ##.#..##.## ...### #.#
#..#..##..# ..## #.###
#.##.####.# ### #...###.##.# #.#
# #...##.....# #.### #
###...#...Y@## #...#
######.....#.[.Y.# #...#
.....#.#####.....# #...########
.....>.# #.>...# #...........
.......# #.....# ##.#########
....)..## #.....# ####.# #⌠.
........# #..#### #....# #..
......).####.#######.#### #..
..............#.........#######..


You could see 2 yaks.

Vanquished Creatures
  A wraith (D:7)
  A water moccasin (D:4)
  2 orc warriors
  A sky beast (D:7)
  2 ogres (D:5)
  2 phantoms (D:5)
  A necrophage (D:7)
  5 bullfrogs
  A gnoll sergeant (D:7)
  3 scorpions
  2 water moccasin zombies (Ossuary)
  A howler monkey (D:8)
  A hound (D:5)
  4 jellies
  An orc priest (D:6)
  9 iguanas
  2 mummies (Ossuary)
  8 gnolls
  2 adders
  A white imp (D:6)
  4 adder zombies (Ossuary)
  2 dart slugs (D:4)
  25 orcs
  5 endoplasms
  5 giant cockroaches
  A gnoll zombie (Ossuary)
  3 goblins
  6 hobgoblins
  7 jackals
  A quokka (D:3)
  7 ball pythons
  9 bats
  3 frilled lizards
  9 hobgoblin zombies (Ossuary)
  3 kobolds
  6 kobold zombies (Ossuary)
  3 orc zombies (Ossuary)
  5 rats (D:1)
154 creatures vanquished.

Vanquished Creatures (others)
  3 plants (D:2)
3 creatures vanquished.

Grand Total: 157 creatures vanquished

Notes
Turn   | Place    | Note
-------+----------+-------------------------------------------
     0 | Abyss:1  | freelancePsychic the Gargoyle Abyssal Knight began the
                  | quest for the Orb.
     0 | Abyss:1  | Reached XP level 1. HP: 14/14 MP: 2/2
     1 | D:1      | Escaped the Abyss
   225 | D:1      | Reached skill level 2 in Polearms
   535 | D:1      | Reached XP level 2. HP: 19/19 MP: 3/3
   945 | D:1      | Reached skill level 1 in Stealth
  1224 | D:2      | Reached *** piety under Lugonu
  1246 | D:2      | Reached XP level 3. HP: 18/23 MP: 4/4
  1752 | D:2      | Found a faded altar of an unknown god.
  2199 | D:3      | Found a glowing golden altar of the Shining One.
  2245 | D:3      | Identified a scroll of acquirement
  2248 | D:3      | Acquired the ring "Gajac" {Wiz Str+10}
  2322 | D:3      | Found an opulent altar of Gozag.
  2333 | D:3      | Reached skill level 3 in Polearms
  2333 | D:3      | Reached XP level 4. HP: 29/29 MP: 5/5
  2779 | D:4      | Found a sand-covered staircase.
  2802 | Ossuary  | Entered an ossuary
  2916 | Ossuary  | Reached XP level 5. HP: 17/33 MP: 6/6
  3133 | Ossuary  | Reached **** piety under Lugonu
  3255 | Ossuary  | Reached XP level 6. HP: 26/38 MP: 7/7
  3665 | D:4      | Reached skill level 5 in Stealth
  5191 | D:4      | Noticed a shadow
  5192 | D:4      | Found a shadowy altar of Dithmenos.
  5193 | D:4      | Found a hazy altar of Hepliaklqana.
  5216 | D:5      | Entered Level 5 of the Dungeon
  5409 | D:5      | Reached XP level 7. HP: 35/44 MP: 9/9
  5488 | D:5      | Reached skill level 4 in Polearms
  5891 | D:4      | Reached skill level 5 in Fighting
  6128 | D:5      | Reached skill level 5 in Polearms
  6220 | D:5      | Reached XP level 8. HP: 51/51 MP: 11/11
  6339 | D:5      | Found a blossoming altar of Fedhas.
  7005 | D:5      | Reached skill level 6 in Polearms
  8571 | D:6      | Found a bloodstained altar of Trog.
  8571 | D:6      | Found a broken altar of Ashenzari.
  8579 | D:6      | Found a shimmering blue altar of Sif Muna.
  8581 | D:6      | Found a burning altar of Makhleb.
  8583 | D:6      | Found a sparkling altar of Nemelex Xobeh.
  9041 | D:7      | Reached skill level 7 in Polearms
  9080 | D:7      | Reached XP level 9. HP: 57/57 MP: 12/12
  9293 | D:7      | Found a staircase to the Ecumenical Temple.
  9743 | D:7      | Noticed an ice statue
 10223 | D:8      | Found Siwu Otryli's Jewellery Emporium.
 10298 | D:8      | Found an iron altar of Okawaru.
 10397 | D:8      | Reached skill level 8 in Polearms
 10409 | D:7      | Slain by a yak

Illustrated notes

Levels and vault maps discovered:
D:1:      onia_arrival_mini_maze, layout_loops_corners
D:2:      cheibrodos_old_hovel, layout_loops_ring, ebering_ecumenical_altar_mist
D:3:      layout_loops_ring, mainiacjoe_overflow_concentric_impassable,
          mainiacjoe_overflow_boulevard
D:4:      layout_gridville, riverfiend_overflow_shadow_ancestor,
          nicolae_ossuary_entry_monument
D:5:      layout_cave_pools, mainiacjoe_overflow_tiny_flanked
D:6:      layout_gridville, chequers_temple_overflow_minitemple,
          serial_park_tiny_pond
D:7:      lemuel_ice_statue, layout_rooms, minmay_temple_entry_hall
D:8:      kennysheep_six_static_rooms, layout_rooms,
          mainiacjoe_overflow_catwalk, lair_entry_dummy, serial_shops,
          nicolae_shop_hallway_stairs, special_room [special_room_kobold],
          amcnicky_mini_rare_corridor_liquid, hangedman_abyss_or_decor_stabs

Skill      XL: |  1  2  3  4  5  6  7  8  9 |
---------------+----------------------------+-----
Polearms       | 2 3 5 7 8 |  8.0
Stealth        | 1 3 4 5 |  5.0
Fighting       | 4 5 7 |  7.6
Invocations    | 3 4 |  4.2
Armour         | 3 |  3.7
Dodging        | |  0.7

Action                   |  1- 3 |  4- 6 |  7- 9 || total
-------------------------+-------+-------+-------++-------
Melee: Spear             |   101 |   236 |   312 ||   649
       Dagger            |    42 |       |       ||    42
       Punch             |     2 |     2 |     3 ||     7
Throw: Dart              |       |    25 |    33 ||    58
Invok: Bend Space        |       |     5 |    11 ||    16
Evoke: Wand              |       |       |    10 ||    10
  Use: Scroll            |     6 |     3 |     6 ||    15
       Potion            |       |       |     4 ||     4
 Stab: Sleeping          |     2 |     6 |     6 ||    14
       Distracted        |     1 |       |     1 ||     2
Armor: Leather armour    |    56 |    57 |    59 ||   172
       Scale mail        |       |       |    58 ||    58
Dodge: Dodged            |    75 |    87 |   103 ||   265
